 Dungeon Crawl Stone Soup version 0.28.0 (webtiles) character file.

Game seed: 8984835551682647133

35 lonewolfV2 the Covered (level 3, 0/30 HPs)
             Began as a Demigod Fighter on Feb 10, 2022.
             Slain by a gnoll (6 damage)
             ... on level 2 of the Dungeon.
             The game lasted 00:01:29 (593 turns).

lonewolfV2 the Covered (Demigod Fighter)             Turns: 593, Time: 00:01:30

Health: 0/30       AC:  6    Str: 21    XL:     3   Next: 4%
Magic:  5/5        EV:  9    Int: 10    God:
Gold:   30         SH:  4    Dex: 13    Spells: 2/2 levels left

rFire   . . .      SeeInvis .   a - +0 war axe
rCold   . . .      Faith    .   c - +0 buckler
rNeg    . . .      Spirit   .   b - +0 scale mail
rPois   .          Reflect  .   (no helmet)
rElec   .          Harm     .   (no cloak)
rCorr   .          Rampage  .   (no gloves)
Will    .....                   (no boots)
Stlth   ..........              (no amulet)
HPRegen 0.10/turn               (no ring)
MPRegen 0.09/turn               (no ring)

@: mighty
A: high MP 1, forlorn, divine attributes
a: no special abilities


You were on level 2 of the Dungeon.
You visited 1 branch of the dungeon, and saw 2 of its levels.

You collected 30 gold pieces.

Inventory:

Hand Weapons
 a - a +0 war axe (weapon)
Armour
 b - a +0 scale mail (worn)
 c - a +0 buckler (worn)
Scrolls
 f - 2 scrolls of identify
 j - a scroll of vulnerability {unknown}
 k - a scroll of noise {unknown}
Potions
 e - a potion of curing
 h - a potion of magic


   Skills:
 + Level 2.8 Fighting
 + Level 2.7 Axes
 + Level 3.0 Armour
 + Level 2.8 Shields


You had 2 spell levels left.
You didn't know any spells.
Your spell library was empty.

Dungeon Overview and Level Annotations

Branches:
Dungeon (2/15)

Annotations:
D:2 Sigmund


Innate Abilities, Weirdness & Mutations

You have an increased reservoir of magic. (+10% MP)
You shall have no god before yourself.
Your divine heritage dramatically boosts your attributes as you level up.


Message History

You see here a +0 club.
A gnoll comes into view. It is wielding a +0 spear.
A gnoll is nearby!
A gnoll is nearby!
A gnoll is nearby!
A gnoll is nearby!
You block the gnoll's attack. The gnoll hits you with a +0 spear.
You closely miss the gnoll. The gnoll barely misses you.
You hit the gnoll.
The gnoll is moderately wounded.
The gnoll closely misses you.
You slash the gnoll!
The gnoll is almost dead.
The gnoll hits you but does no damage. The gnoll barely misses you.
You slash the gnoll!
You kill the gnoll!
A dart slug comes into view.
Things that are here:
a +0 spear; a gnoll corpse A dart slug is nearby!
A dart slug is nearby!
A dart slug is nearby!
A gnoll comes into view. It is wielding a +0 whip.
The gnoll shouts!
A gnoll comes into view. It is wielding a +0 flail.
A gnoll comes into view. It is wielding a +0 club.
The dart slug launches a dart at you.
The slug dart hits you but does no damage.
You slash the dart slug!
You kill the dart slug!
The gnoll hits you with a +0 whip.
* * * LOW HITPOINT WARNING * * *
You have reached level 3!
Your experience leads to a dramatic increase in your attributes!
Increase (S)trength, (I)ntelligence, or (D)exterity?
You feel stronger. x4
You closely miss the gnoll. The gnoll closely misses you.
You barely miss the gnoll. x2; The gnoll hits you with a +0 club.
You die...

..............#
..............#
#...#
.............#
....#
###.........#.....#
..####
#.........#.....#
......
#..)..)...#.....#
..####
#..†...........#
#....^.........#
#........@.....#
#.......ggg....#
#..............#
#.........(....#
#.........#....#
#######
#.........#....#
#......
#.........#....#
#......
.........##..##
#...... #......


You could see 3 gnolls.

Vanquished Creatures
  An adder (D:2)
  A gnoll (D:2)
  A dart slug (D:2)
  A ball python (D:1)
  A giant cockroach (D:1)
  3 goblins
  3 kobolds
  A bat (D:1)
  2 frilled lizards (D:2)
  2 rats
16 creatures vanquished.

Notes
Turn   | Place    | Note
-------+----------+-------------------------------------------
     0 | D:1      | lonewolfV2 the Demigod Fighter began the quest for the Orb.
     0 | D:1      | Reached XP level 1. HP: 18/18 MP: 3/3
   510 | D:2      | Reached skill level 3 in Armour
   534 | D:2      | Reached XP level 2. HP: 25/25 MP: 4/4
   557 | D:2      | Noticed Sigmund
   592 | D:2      | Reached XP level 3. HP: 6/30 MP: 5/5
   593 | D:2      | Slain by a gnoll

Illustrated notes

Levels and vault maps discovered:
D:1:      dpeg_arrival_shelter, layout_rooms
D:2:      layout_basic, ebering_ecumenical_altar_mist, uniq_sigmund

Skill      XL: |  1  2 |
---------------+-------+-----
Armour         | 3 |  3.0
Axes           | 2 |  2.7
Fighting       | |  2.8
Shields        | |  2.8

Action                   || total
-------------------------++-------
Melee: War axe           ||    43
  Use: Scroll            ||     4
       Potion            ||     1
Armor: Scale mail        ||    29
Dodge: Dodged            ||    28
Block: Buckler           ||     8
